 Dungeon Crawl Stone Soup version 0.32-a0-938-g40ac7a0f4d (webtiles) character file.

Game seed: 16004130303912377057

41629 NormalPerson7 the Spear-Bearer (level 13, -4/111 HPs)
             Began as a Demonspawn Cinder Acolyte on Apr 15, 2024.
             Was a Priest of Ignis.
             Slain by a death yak (14 damage)
             ... on level 4 of the Lair of Beasts.
             The game lasted 01:14:55 (17672 turns).

NormalPerson7 the Spear-Bearer (DsCA)              Turns: 17672, Time: 01:14:56

Health: -4/111     AC:  7    Str: 19    XL:     13   Next: 81%
Magic:  17/19      EV: 16    Int: 20    God:    Ignis [***...]
Gold:   924        SH:  0    Dex:  9    Spells: 11/20 levels left

rFire   + . .        b - +3 trident (protect)
rCold   . . .        (no shield)
rNeg    . . .        E - +0 robe of the Unseen Realm {Will+ Int+5}
rPois   +            n - +2 hat
rElec   .            X - scarf {shadows}
rCorr   .            W - +2 pair of gloves
SInv    .            (no boots)
Will    +....        (no amulet)
Stlth   +            S - +4 ring of slaying
HPRegen 0.38/turn    P - ring of poison resistance
MPRegen 0.16/turn

%: repel missiles
@: invisible
A: repulsion field 3, icemail 1, condensation shield, demonic touch 1
a: Renounce Religion, Fiery Armour, Foxfire Swarm, Rising Flame


You were on level 4 of the Lair of Beasts.
You worshipped Ignis.
Ignis was most pleased with you.
You visited 3 branches of the dungeon, and saw 17 of its levels.
You also visited: Gauntlet.

You collected 924 gold pieces.

Inventory:

Hand Weapons
 a - the +5 sling of Dara Ira {freeze, rCorr Dex+4}
   (You found it on level 5 of the Dungeon)

   Dex+4:     It affects your dexterity (+4).
   rCorr:     It protects you from acid and corrosion.
 b - a +3 trident of protection (weapon)
 x - the +10 quarterstaff of Nune {flame, rElec Will- rCorr Str+3}
   (You took it off a minotaur in a Gauntlet)

   Str+3:     It affects your strength (+3).
   rElec:     It insulates you from electricity.
   Will-:     It decreases your willpower.
   rCorr:     It protects you from acid and corrosion.
Missiles
 d - 22 poisoned darts
 H - 10 javelins
 U - 5 curare-tipped darts (quivered)
Armour
 c - a +1 robe of positive energy
 n - a +2 hat (worn)
 E - the +0 robe of the Unseen Realm (worn) {Will+ Int+5}
   (You found it on level 5 of the Dungeon)

   Int+5:     It affects your intelligence (+5).
   Will+:     It increases your willpower.
 Q - a +2 leather armour of fire resistance
 W - a +2 pair of gloves (worn)
 X - a scarf of shadows (worn)
Magical Staves
 o - a staff of death
 z - a staff of fire
 B - a staff of air
Jewellery
 l - the ring of Peco {rPois Str-5 Dex+5 SInv Stlth+}
   (You found it in a Gauntlet)

   [ring of see invisible]

   Str-5:     It affects your strength (-5).
   Dex+5:     It affects your dexterity (+5).
   rPois:     It protects you from poison.
   SInv:      It lets you see invisible.
   Stlth+:    It makes you more stealthy.
 A - a ring of protection from cold
 C - a ring of protection from cold
 F - a ring of protection from fire
 K - a ring of magical power
 O - a +6 ring of strength
 P - a ring of poison resistance (right hand)
 S - a +4 ring of slaying (left hand)
 T - a ring of protection from fire
 Z - a ring of see invisible
Wands
 k - a wand of mindburst (1)
 y - a wand of paralysis (28)
 D - a wand of iceblast (5)
 G - a wand of polymorph (6)
 L - a wand of flame (36)
Scrolls
 j - 4 scrolls of enchant armour
 m - a scroll of revelation
 p - a scroll of summoning {unknown}
 t - 6 scrolls of teleportation
 v - 6 scrolls of immolation
 w - a scroll of amnesia {unknown}
 J - a scroll of vulnerability {unknown}
 N - a scroll of poison {unknown}
 R - a scroll of fog {unknown}
Potions
 f - 3 potions of haste
 g - a potion of might {unknown}
 h - a potion of ambrosia {unknown}
 i - 4 potions of brilliance
 q - 4 potions of curing
 r - a potion of invisibility
 s - 2 potions of resistance
 I - 2 potions of attraction
 M - a potion of magic {unknown}
 V - a potion of lignification {unknown}
 Y - a potion of enlightenment {unknown}
Miscellaneous
 u - a phantom mirror


   Skills:
 + Level 13.4 Fighting
 - Level 2.0(9.2) Axes
 - Level 13.8(14.0) Polearms
 - Level 1.0(9.0) Staves
 - Level 5.0 Dodging
 - Level 4.0 Spellcasting
 - Level 8.0 Summonings
 - Level 6.0 Fire Magic
 - Level 7.0 Evocations


You had 11 spell levels left.
You knew the following spells:

 Your Spells              Type           Power      Damage    Failure   Level
a - Scorch                Fire           56%        2d7       1%          2
b - Summon Blazeheart Go  Fire/Summ      32%        N/A       7%          4
c - Call Canine Familiar  Summ           36%        N/A       1%          3

Your spell library contained the following spells:

 Spells                   Type           Power      Damage    Failure   Level
 Summon Small Mammal      Summ           100%       N/A       1%          1
 Apportation              Tloc           8%         N/A       13%         1
 Necrotise                Necr           16%        1d4       13%         1
 Shock                    Conj/Air       16%        1d4       13%         1
 Sting                    Conj/Alch      16%        1d4       13%         1
 Ensorcelled Hibernation  Hex/Ice        8%         N/A       19%         2
 Dazzling Flash           Conj/Hex       8%         N/A       36%         3
 Fugue of the Fallen      Necr           4%         N/A       36%         3
 Ozocubu's Armour         Ice            4%         N/A       36%         3
 Swiftness                Air            4%         N/A       36%         3
 Fireball                 Conj/Fire      8%         3d6       71%         5
 Airstrike                Air            2%         2d(1-17)  77%         4
 Anguish                  Hex/Necr       2%         N/A       77%         4
 Cause Fear               Hex            2%         N/A       77%         4
 Silence                  Hex/Air        2%         N/A       98%         5
 Yara's Violent Unravell  Hex/Alch       2%         3d3       98%         5
 Conjure Ball Lightning   Conj/Air       2%         3x3d6     100%        6
 Manifold Assault         Tloc           2%         N/A       100%        7
 Discord                  Hex            2%         N/A       100%        8
 Disjunction              Tloc           2%         N/A       100%        8
 Dragon's Call            Summ           18%        N/A       100%        9


Dungeon Overview and Level Annotations

Branches:
Dungeon (11/15)            Temple (1/1) D:7            Lair (5/5) D:11
  Swamp (0/4) Lair:2       Spider (0/4) Lair:2          Orc (0/2) D:11
Gauntlet (visited)
  Slime: Lair:4-5

Altars:
Ashenzari
Cheibriados
Dithmenos
Fedhas
Gozag
Hepliaklqana
Kikubaaqudgha
Makhleb
Nemelex Xobeh
Okawaru
Qazlal
Ru
Sif Muna
Trog
Uskayaw
Vehumet
Wu Jian
Xom
Yredelemnul

Annotations:
Lair:1 1 runed translucent door, exclusion: door
Lair:2 exclusion: scrub nettle
Lair:4 exclusion: oklob plant


Innate Abilities, Weirdness & Mutations

You are surrounded by a strong repulsion field. (EV +4, RMsl)
A meltable icy envelope protects you from harm. (AC +0)
A meltable shield of frost defends you. (SH +0)
Your touch may inflict minor irresistible damage on your foes.


Message History

The death yak attacks as it pursues you!
The death yak gores you! The death yak misses you.
The death yak attacks as it pursues you!
The death yak gores you!!
The death yak attacks as it pursues you!
The death yak gores you!
* * * LOW HITPOINT WARNING * * *
Okay, then.
Unknown command.
Okay, then.
Unknown command.
Okay, then.
Unknown command.
Okay, then.
Unknown command.
Okay, then.
Unknown command.
Read: 2 scrolls of fear
Press: ? - help, Dir - look around, f - activate Look: a death yak (severely wounded, chance to affect: 47%)
Okay, then.
Unknown command.
As you read the scroll of fear, it crumbles to dust.
You assume a fearsome visage.
The death yak easily resists.
The death yak resists with almost no effort.
The death yak barely misses you. The death yak gores you!
* * * LOW HITPOINT WARNING * * *
As you read the scroll of fear, it crumbles to dust.
You assume a fearsome visage.
The death yak resists with almost no effort. x2
The death yak barely misses you. The death yak gores you.
* * * LOW HITPOINT WARNING * * *
Okay, then.
Press: ? - help, v - describe, . - travel
Here: a death yak (severely wounded)
The floor, spattered with blood.
You fade into invisibility!
The death yak gores you!
You die...
Ignis goes out, and joins you in death.

......>..........................
.....................รท...........
.................................
.................................
.................................
.............)>..................
........##.#..P........#...#####.
...##.##########YY.....##### ##
...#### ##@........# ....#
#........#.# ....# #........###
....# ##........# ...####
##.......## ....#.# #........#####
####
....#.##########.......#...###.##
.................................
.................................


You could see 2 death yaks.

Vanquished Creatures
  A minotaur (Gauntlet)
  Harold (D:10)
  Erolcha (D:9)
  A hydra (Lair:2)
  3 two-headed ogres
  A catoblepas (Lair:3)
  4 death yaks
  Sonja (D:10)
  2 spriggan druids (Lair:2)
  Pikel (D:8)
  An ugly thing (Gauntlet)
  A wolf spider (Gauntlet)
  A moth of wrath (Gauntlet)
  9 elephants
  3 black mambas
  Jeremiah (D:8)
  A gargoyle (D:11)
  9 cane toads
  4 rime drakes
  7 komodo dragons
  A hornet (Lair:2)
  3 polar bears
  A human (Lair:1)
  4 wyverns
  2 steam dragons (D:7)
  3 basilisks (Lair:1)
  60 yaks
  3 redbacks (Gauntlet)
  7 water moccasins
  Duvessa (D:6)
  7 ice beasts
  A sky beast (D:5)
  An orc warrior (D:11)
  2 black bears
  2 wolves (D:11)
  A lemure (D:8)
  2 centaurs
  3 scorpions
  16 bullfrogs
  Dowan (D:6)
  2 killer bees (D:10)
  5 howler monkeys
  A bombardier beetle (D:6)
  4 hounds
  2 jellies
  8 orc priests
  2 iguanas
  2 sleepcaps (D:7)
  10 hell rats
  8 orc wizards
  A nameless horror (Lair:3)
  7 adders
  3 gnolls (D:3)
  A shadow imp (D:4)
  4 ribbon worms
  3 dart slugs
  27 orcs
  9 ball pythons
  5 endoplasms
  4 giant cockroaches
  5 goblins
  8 hobgoblins
  8 kobolds
  2 quokkas (D:1)
  6 bats
  3 frilled lizards (D:1)
  5 rats
319 creatures vanquished.

Vanquished Creatures (collateral kills)
  A great orb of eyes (Gauntlet)
  Erica (D:9)
  A death yak (Lair:4)
  An ugly thing (Gauntlet)
  A cyclops (D:11)
  An elephant (Lair:2)
  A black mamba (Lair:3)
  2 komodo dragons (Lair:2)
  A queen bee (shapeshifter) (D:11)
  A troll (D:10)
  A wraith (D:10)
  5 yaks
  An orc warrior (D:9)
  A wolf (D:11)
  A kobold brigand (D:9)
  A killer bee (D:10)
  3 hell rats
  5 orcs
29 creatures vanquished.

Vanquished Creatures (others)
  46 blazeheart cores
  39 foxfires
85 creatures vanquished.

Grand Total: 433 creatures vanquished

Notes
Turn   | Place    | Note
-------+----------+-------------------------------------------
     0 | D:1      | NormalPerson7 the Demonspawn Cinder Acolyte began the quest
                  | for the Orb.
     0 | D:1      | Reached XP level 1. HP: 18/18 MP: 2/2
   176 | D:1      | Gained mutation: You are surrounded by a mild repulsion
                  | field. (EV +2) [demonic ancestry]
   176 | D:1      | Reached XP level 2. HP: 20/24 MP: 3/3
   215 | D:1      | Learned a level 2 spell: Scorch
   663 | D:1      | Reached XP level 3. HP: 29/29 MP: 1/4
  1840 | D:2      | Gained mutation: Your touch may inflict minor irresistible
                  | damage on your foes. [demonic ancestry]
  1840 | D:2      | Reached XP level 4. HP: 35/35 MP: 3/6
  2553 | D:3      | Noticed an angel
  2601 | D:3      | Reached skill level 1 in Axes
  3533 | D:3      | Reached XP level 5. HP: 38/41 MP: 1/8
  3803 | D:4      | Reached XP level 6. HP: 46/48 MP: 6/9
  4162 | D:3      | Reached skill level 5 in Fire Magic
  4707 | D:5      | Entered Level 5 of the Dungeon
  4830 | D:5      | Identified the +0 robe of the Unseen Realm {Will+ Int+5}
  4883 | D:5      | Identified the +5 sling of Dara Ira {freeze, rCorr Dex+4}
  5049 | D:5      | Gained mutation: You are surrounded by a moderate repulsion
                  | field. (EV +3) [demonic ancestry]
  5049 | D:5      | Reached XP level 7. HP: 49/54 MP: 3/10
  5312 | D:5      | Reached skill level 5 in Polearms
  6043 | D:6      | Reached skill level 5 in Fighting
  6043 | D:6      | Reached skill level 1 in Evocations
  6049 | D:6      | Noticed a yak
  6086 | D:6      | Noticed a yak
  6092 | D:6      | Killed a yak
  6093 | D:6      | Reached XP level 8. HP: 62/62 MP: 4/11
  6205 | D:6      | Noticed a two-headed ogre
  6617 | D:6      | Killed a two-headed ogre
  6618 | D:6      | Reached skill level 5 in Evocations
  6618 | D:6      | Gained mutation: A meltable shield of frost defends you.
                  | (SH +0) [demonic ancestry]
  6618 | D:6      | Reached XP level 9. HP: 69/69 MP: 9/12
  6728 | D:6      | Noticed Duvessa
  6728 | D:6      | Noticed Dowan
  6734 | D:6      | Killed Dowan
  6738 | D:6      | Killed Duvessa
  7283 | D:7      | Found a staircase to the Ecumenical Temple.
  7291 | Temple   | Entered the Ecumenical Temple
  7309 | D:7      | Reached skill level 1 in Summonings
  7397 | D:7      | Found an opulent altar of Gozag.
  7974 | D:7      | Learned a level 3 spell: Call Canine Familiar
  7979 | D:7      | Learned a level 4 spell: Summon Blazeheart Golem
  8032 | D:8      | Reached skill level 5 in Summonings
  8204 | D:8      | Noticed Pikel
  8224 | D:8      | Killed Pikel
  8225 | D:8      | Gained mutation: A meltable icy envelope protects you from
                  | harm. (AC +0) [demonic ancestry]
  8225 | D:8      | Reached XP level 10. HP: 76/76 MP: 3/13
  8348 | D:8      | Noticed Jeremiah
  8461 | D:8      | Killed Jeremiah
  9389 | D:9      | Noticed Erica
  9398 | D:9      | Killed Erica
  9399 | D:9      | Noticed Erolcha
  9409 | D:9      | Killed Erolcha
  9940 | D:10     | Entered Level 10 of the Dungeon
 10168 | D:10     | Found a hide-covered altar of Uskayaw.
 10338 | D:10     | Reached XP level 11. HP: 89/89 MP: 12/17
 10352 | D:10     | Reached skill level 10 in Fighting
 10484 | D:10     | Noticed Harold
 10497 | D:10     | Killed Harold
 10638 | D:10     | Noticed Sonja
 10646 | D:10     | Killed Sonja
 10647 | D:10     | Reached skill level 1 in Dodging
 11059 | D:11     | Noticed a two-headed ogre
 11071 | D:11     | Killed a two-headed ogre
 11306 | D:11     | Found a gate leading to a gauntlet.
 11318 | Gauntlet | Entered a Gauntlet
 11318 | Gauntlet | Found a transporter.
 11330 | Gauntlet | Noticed a great orb of eyes
 11412 | Gauntlet | Found a transporter.
 11413 | Gauntlet | Found a transporter.
 11413 | Gauntlet | Noticed a cyan ugly thing
 11415 | Gauntlet | Noticed a brown ugly thing
 11416 | Gauntlet | Found a transporter.
 11417 | Gauntlet | Found a transporter.
 11418 | Gauntlet | Found a transporter.
 11423 | Gauntlet | Noticed a wolf spider
 11426 | Gauntlet | Found a transporter.
 11427 | Gauntlet | Noticed a wretched star
 11432 | Gauntlet | Found a transporter.
 11445 | Gauntlet | Found a transporter.
 11447 | Gauntlet | Noticed a catoblepas
 11453 | Gauntlet | Found a transporter.
 11453 | Gauntlet | Found a transporter.
 11465 | Gauntlet | Found a transporter.
 11491 | Gauntlet | Found the +8 whip "Snakebite" {venom, curare, rPois}
 11893 | Gauntlet | Killed a cyan ugly thing
 11899 | Gauntlet | Killed a great orb of eyes
 11904 | Gauntlet | Killed a brown ugly thing
 11913 | Gauntlet | Identified the ring of Peco {rPois Str-5 Dex+5 SInv Stlth+}
 12030 | Gauntlet | Killed a wolf spider
 12132 | Gauntlet | Identified the +10 quarterstaff of Nune {flame, rElec Will-
                  | rCorr Str+3}
 12132 | Gauntlet | Noticed a minotaur
 12144 | Gauntlet | HP: 16/90 [minotaur/the +10 quarterstaff of Nune {flame,
                  | rElec Will- rCorr Str+3} (5)]
 12158 | Gauntlet | HP: 7/90 [minotaur/javelin (27)]
 12159 | Gauntlet | Killed a minotaur
 12160 | Gauntlet | Reached skill level 1 in Staves
 12454 | D:11     | Noticed a two-headed ogre
 12474 | D:11     | Reached skill level 10 in Polearms
 12476 | D:11     | Killed a two-headed ogre
 12477 | D:11     | Gained mutation: You are surrounded by a strong repulsion
                  | field. (EV +4, RMsl) [demonic ancestry]
 12477 | D:11     | Reached XP level 12. HP: 97/97 MP: 11/18
 12520 | D:11     | Found a staircase to the Lair.
 12565 | D:11     | Found a staircase to the Orcish Mines.
 12760 | Lair:1   | Entered Level 1 of the Lair of Beasts
 13327 | Lair:1   | Found a runed translucent door.
 13333 | Lair:1   | Noticed a tentacled starspawn
 13617 | Lair:1   | Got the Handbook of Ensorcelling
 14048 | Lair:2   | Noticed a four-headed hydra
 14055 | Lair:2   | Killed a four-headed hydra
 14171 | Lair:2   | Found the +3 greatsling "Punk" {acid, rCorr}
 14359 | Lair:2   | Found a hole to the Spider Nest.
 15140 | Lair:2   | Found a staircase to the Swamp.
 15219 | Lair:2   | Reached XP level 13. HP: 83/108 MP: 4/19
 16650 | Lair:3   | Reached skill level 5 in Dodging
 17652 | Lair:5   | Entered Level 5 of the Lair of Beasts
 17669 | Lair:4   | HP: 22/111 [death yak (10)]
 17671 | Lair:4   | HP: 9/111 [death yak (2)]
 17672 | Lair:4   | Slain by a death yak

Illustrated notes

Levels and vault maps discovered:
D:1:      dpeg_arrival_long_road, layout_rooms
D:2:      layout_basic, dreamdust_wishing_well, kennysheep_generic_room_11
D:3:      layout_loops_cross, zin_angel
D:4:      layout_cave_pools, grunt_ministairs_4
D:5:      layout_loops_ring, serial_bayou_lake_a
D:6:      layout_cave_pools, uniq_duvessa
D:7:      layout_basic, grunt_gozag_breadcrumbs, temple_statues
D:8:      layout_basic, hangedman_glass_teeth, uniq_pikel, uniq_jeremiah
D:9:      layout_gridville, st_stairs_13, uniq_erica, uniq_erolcha
D:10:     layout_irregular_city, lemuel_crystal_altar, uniq_harold, uniq_sonja
D:11:     minmay_tile_spiral, layout_irregular_city, hellmonk_lair_entry_icy,
          gauntlet_entry_generic, nicolae_have_a_lightning_rod
Temple:   nicolae_temple_bog_church
Lair:1:   layout_loops_ring, pdpol_lair_cabin_in_the_woods
Lair:2:   layout_cave_pods, mainiacjoe_swamp_entry_angry_trees,
          dummy_spider_entry, evilmike_ambush [evilmike_ambush_outer_corners,
          evilmike_ambush_inner_basic]
Lair:3:   layout_chaotic_city, grunt_megastairs_3
Lair:4:   layout_big_grid, minmay_slime_entry_oklob_enclosed
Lair:5:   grunt_lair_end_beastmaster, layout_gridlike

Skill      XL: |  1  2  3  4  5  6  7  8  9 10 11 12 13 |
---------------+----------------------------------------+-----
Fire Magic     | 3 4 5 6 |  6.0
Spellcasting   | 2 4 |  4.0
Axes           | 2 |  2.0
Fighting       | 4 5 6 9 10 12 13 | 13.4
Polearms       | 4 5 7 10 12 13 | 13.8
Evocations     | 3 5 6 7 |  7.0
Summonings     | 6 7 8 |  8.0
Dodging        | 3 5 |  5.0
Staves         | 1 |  1.0

Action                     |  1- 3 |  4- 6 |  7- 9 | 10-12 | 13-15 || total
---------------------------+-------+-------+-------+-------+-------++-------
  Melee: Spear             |    93 |     2 |       |       |       ||    95
         Hand axe          |       |    39 |       |       |       ||    39
         Touch             |       |     4 |    18 |    55 |    40 ||   117
         Trident           |       |    16 |   109 |   370 |   199 ||   694
   Fire: Sling             |       |     1 |     5 |       |       ||     6
  Throw: Dart              |       |     3 |     2 |     5 |       ||    10
   Cast: Scorch            |    24 |    62 |    57 |     6 |       ||   149
         Summon Blazeheart |       |       |       |    49 |    21 ||    70
         Call Canine Famil |       |       |       |    24 |     2 ||    26
 Invoke: Fiery Armour      |     1 |       |       |     3 |       ||     4
         Foxfire Swarm     |       |       |     1 |     1 |       ||     2
  Evoke: Wand              |       |       |     4 |    15 |       ||    19
    Use: Scroll            |       |     7 |     5 |     4 |     6 ||    22
         Potion            |       |       |       |     8 |     1 ||     9
   Stab: Sleeping          |     1 |       |       |       |       ||     1
         Paralysed         |       |       |       |     8 |       ||     8
         Petrified         |       |       |       |       |     1 ||     1
 Armour: Robe              |    42 |     1 |    67 |   181 |    71 ||   362
         Leather armour    |       |    43 |       |       |       ||    43
  Dodge: Dodged            |    46 |    49 |    66 |   167 |    88 ||   416
         Repelled          |       |       |       |     2 |     1 ||     3
  Block: Other             |       |       |     5 |    36 |    20 ||    61

Table legend: (Time is in decaauts)
 A = Elapsed time spent in this place.
 B = Non-inter-level travel time spent in this place.
 C = Inter-level travel time spent in this place.
 D = Time resting spent in this place.
 E = Time spent auto-exploring this place.
 F = Levels seen in this place.
 G = Mean time per level.
                   A        B        C        D        E       F      G
               +--------+--------+--------+--------+--------+-----+--------+
         Total |  17548 |  16398 |   1150 |   5163 |   6718 |  18 |  974.9 |
       Dungeon |  11665 |  10721 |    944 |   3515 |   4127 |  11 | 1060.5 |
        Temple |      1 |      1 |      0 |      0 |      0 |   1 |    1.0 |
          Lair |   4780 |   4574 |    206 |   1201 |   2441 |   5 |  956.0 |
      Gauntlet |   1101 |   1101 |      0 |    447 |    150 |   1 | 1101.0 |
               +--------+--------+--------+--------+--------+-----+--------+

Top non-repeatable levels by time:
  Lair:2: 1795 daAuts
     D:3: 1628 daAuts
     D:5: 1507 daAuts
  Lair:1: 1279 daAuts
     D:8: 1117 daAuts
     D:4: 1110 daAuts
Gauntlet: 1101 daAuts
     D:2: 1086 daAuts
  Lair:3: 1049 daAuts
     D:1: 981 daAuts
     D:7: 979 daAuts
     D:9: 947 daAuts
    D:10: 891 daAuts
     D:6: 738 daAuts
    D:11: 676 daAuts
